 Dungeon Crawl Stone Soup version 0.31-a0-1227-g0136665373 (webtiles) character file.

Game seed: 450328020512040599

4506 BubbleThief the Grappler (level 10, -1/74 HPs)
             Began as an Octopode Shapeshifter on Dec 14, 2023.
             Was an Initiate of Wu Jian.
             Slain by a basilisk (8 damage)
             ... while petrified by a basilisk
             ... on level 1 of the Lair of Beasts.
             The game lasted 00:09:58 (7342 turns).

BubbleThief the Grappler (Octopode Shapeshifter)    Turns: 7342, Time: 00:09:59

Health: -1/74      AC:  8    Str: 22    XL:     10   Next: 39%
Magic:  10/10      EV:  1    Int: 14    God:    Wu Jian [......]
Gold:   443        SH:  0    Dex: 11    Spells: 9/9 levels left

rFire   . .          .
                       - Unarmed
rCold   . . .        (shield currently unavailable)
rNeg    + + +        (helmet currently unavailable)
rPois   ∞            (no amulet)
rElec   .            i - ring of wizardry
rCorr   .            s - +5 ring of evasion
SInv    .            (no ring)
Will    .....        (no ring)
Stlth   +            (no ring)
HPRegen 0.32/turn    (no ring)
MPRegen 0.12/turn    (no ring)
                     (no ring)

%: wizardry (x1)
@: snake-form, petrified
A: constrict, almost no armour, amphibious, 8 rings, large, (camouflage 1),
(gelatinous body 1), (nimble swimmer 1), (tentacles)
a: Begin Untransformation, Renounce Religion


You were on level 1 of the Lair of Beasts.
You worshipped Wu Jian.
Wu Jian was noncommittal.
You were an enormous serpent.
You visited 3 branches of the dungeon, and saw 10 of its levels.

You collected 443 gold pieces.

Inventory:

Armour
 p - a +2 hat
 w - a +2 cloak
Jewellery
 i - a ring of wizardry (left tentacle)
 q - a ring of fire
 s - a +5 ring of evasion (right tentacle)
Talismans
 b - a beast talisman
 c - a flux talisman
 r - a serpent talisman (active)
Wands
 x - a wand of paralysis (6)
Scrolls
 d - 5 scrolls of identify
 h - 3 scrolls of blinking
 m - a scroll of enchant armour
Potions
 a - 2 potions of lignification
 e - 6 potions of curing
 g - 2 potions of enlightenment {unknown}
 j - 3 potions of cancellation
 k - a potion of haste {unknown}
 l - 2 potions of resistance
 n - a potion of heal wounds {unknown}
 t - a potion of magic {unknown}
 v - a potion of berserk rage {unknown}


   Skills:
 + Level 8.8 Fighting
 - Level 2.0 Dodging
 + Level 9.1 Unarmed Combat
 + Level 8.4 Shapeshifting


You had 9 spell levels left.
You didn't know any spells.
Your spell library contained the following spells:

 Spells                   Type           Power      Damage    Failure   Level
 Summon Small Mammal      Summ           0%         N/A       12%         1
 Call Canine Familiar     Summ           0%         N/A       32%         3
 Dazzling Flash           Conj/Hex       0%         N/A       32%         3
 Summon Guardian Golem    Hex/Summ       0%         N/A       32%         3
 Agony                    Necr           0%         N/A       95%         5
 Silence                  Hex/Air        0%         N/A       95%         5


Dungeon Overview and Level Annotations

Branches:
Dungeon (8/15)             Temple (1/1) D:4            Lair (1/5) D:8

Altars:
Ashenzari
Cheibriados
Dithmenos
Elyvilon
Fedhas
Hepliaklqana
Nemelex Xobeh
Qazlal
Ru
Trog
Uskayaw
Wu Jian
Xom
Yredelemnul
Zin
The Shining One


Innate Abilities, Weirdness & Mutations

You are an enormous serpent.
You have a powerful constriction melee attack.
Your armour is entirely melded.
You are incapable of wielding weapons or throwing items.
You cannot wear most types of armour.
You are amphibious.
You can wear up to eight rings at the same time.
((Your skin changes colour to match your surroundings (Stealth+).))
((Your rubbery body absorbs attacks. (AC +1, EV +1)))
((You are camouflaged when in or above water. (Stealth+)))
((You have tentacles for arms and can constrict up to eight enemies at once.))


Message History

The water moccasin is almost dead.
The water moccasin completely misses you.
You closely miss the water moccasin. Your grab misses the water moccasin.
The water moccasin is almost dead.
The water moccasin bites you.
* * * LOW HITPOINT WARNING * * *
You hit the water moccasin. You grab the water moccasin.
The water moccasin is almost dead.
You constrict the water moccasin.
You kill the water moccasin!
The Council accepts your kill.
A komodo dragon comes into view.
A scorpion comes into view.
A cane toad comes into view.
A basilisk comes into view.
The sentinel's mark upon you fades away.
The basilisk gazes at you.
You are slowing down.
Okay, then.
Aiming: Paralyse
Press: ? - help, Shift-Dir - straight line, f - komodo dragon
Aim: a komodo dragon (chance to affect: 31%)
The komodo dragon suddenly stops moving!
Your limbs are stiffening.
Unknown command.
You have turned to stone.
The basilisk hisses menacingly.
The basilisk gazes at you. The basilisk bites you.
* * * LOW HITPOINT WARNING * * *
The cane toad stings you.
The basilisk bites you but does no damage.
The cane toad stings you!!
* * * LOW HITPOINT WARNING * * *
The cane toad stings you.
* * * LOW HITPOINT WARNING * * *
The basilisk bites you.
* * * LOW HITPOINT WARNING * * *
The cane toad stings you. The basilisk bites you!
You die...

#........... ..
#.........#.##
#...........
.....#......#.####
#†##..)####.
#....#......#.#
#.######
#....#........# #.#
#.....##.##.#.# ..#
#.............# #.#
##....###......# ..#
#...# #......# ..# #.S#
#......## ..# #Fl#
#.......#### ..#
##..#####...........
..##
#...................
...#
#####...###P#..P###.(..
..#########P##...##
####### #....
.............l.>.#
#....
#.##.##...l......##
#..##
#.....#.F.........#
####..#


You could see a cane toad and a basilisk.

Vanquished Creatures
  Pikel (D:4)
  Joseph (Lair:1)
  2 cane toads (Lair:1)
  A komodo dragon (Lair:1)
  A vampire (D:7)
  A wyvern (D:7)
  Menkaure (D:5)
  5 water moccasins
  Duvessa (D:6)
  An orc warrior (D:6)
  A black bear (D:7)
  A sky beast (D:7)
  A centaur (D:8)
  2 lemures (D:4)
  A phantom (D:6)
  3 kobold brigands
  4 bullfrogs
  A gnoll sergeant (D:5)
  A scorpion (D:4)
  3 wights (D:8)
  Dowan (D:6)
  A howler monkey (D:8)
  A crimson imp (D:7)
  A jelly (D:7)
  An orc priest (D:6)
  Natasha (D:4)
  A sleepcap (D:5)
  3 iguanas
  2 orc wizards (D:4)
  3 adders
  12 gnolls
  2 shadow imps (D:6)
  A white imp (D:7)
  2 worms
  A dart slug (D:5)
  16 orcs
  4 ball pythons
  5 bats
  7 endoplasms
  8 giant cockroaches
  7 goblins
  4 hobgoblins
  3 jackals (D:5)
  4 quokkas
  3 frilled lizards
  18 kobolds
  4 rats
  A spectral orc (D:8)
150 creatures vanquished.

Notes
Turn   | Place    | Note
-------+----------+-------------------------------------------
     0 | D:1      | BubbleThief the Octopode Shapeshifter began the quest for
                  | the Orb.
     0 | D:1      | Reached XP level 1. HP: 13/13 MP: 1/1
   147 | D:1      | Reached XP level 2. HP: 18/18 MP: 2/2
   987 | D:2      | Reached XP level 3. HP: 22/24 MP: 3/3
  1515 | D:2      | Reached XP level 4. HP: 26/30 MP: 4/4
  1978 | D:3      | Found a broken altar of Ashenzari.
  2150 | D:3      | Reached skill level 4 in Unarmed Combat
  2150 | D:3      | Reached XP level 5. HP: 36/36 MP: 5/5
  2381 | D:3      | Found a white marble altar of Elyvilon.
  2790 | D:4      | Noticed a lemure
  2790 | D:4      | Noticed a lemure
  2791 | D:4      | Noticed Pikel
  2791 | D:4      | Noticed a lemure
  2792 | D:4      | Noticed a lemure
  2795 | D:4      | Found a staircase to the Ecumenical Temple.
  2932 | D:5      | Entered Level 5 of the Dungeon
  2995 | D:5      | Found an ornate altar of the Wu Jian Council.
  3044 | D:5      | Found a sacrificial altar of Ru.
  3065 | D:5      | Reached XP level 6. HP: 42/42 MP: 6/6
  3224 | D:5      | Noticed Menkaure
  3235 | D:5      | Killed Menkaure
  3284 | D:5      | Reached skill level 5 in Unarmed Combat
  3284 | D:5      | Reached XP level 7. HP: 4/48 MP: 7/7
  3646 | Temple   | Entered the Ecumenical Temple
  3810 | D:4      | Reached skill level 5 in Shapeshifting
  3865 | D:4      | Noticed Natasha
  3870 | D:4      | Killed Natasha
  3896 | D:4      | Killed Pikel
  3897 | D:4      | Reached skill level 5 in Fighting
  3897 | D:4      | Reached skill level 6 in Unarmed Combat
  3897 | D:4      | Reached XP level 8. HP: 56/56 MP: 8/8
  4470 | D:6      | Found a shimmering altar of Xom.
  4544 | D:6      | Noticed Dowan
  4546 | D:6      | Noticed Duvessa
  4552 | D:6      | Killed Duvessa
  4556 | D:6      | Killed Dowan
  4745 | D:6      | Reached skill level 7 in Unarmed Combat
  4745 | D:6      | Reached XP level 9. HP: 31/63 MP: 9/9
  5428 | D:7      | Found a bloodstained altar of Trog.
  6469 | D:8      | Found a hazy altar of Hepliaklqana.
  6508 | D:8      | Reached skill level 8 in Unarmed Combat
  6546 | D:8      | Found a staircase to the Lair.
  6554 | D:8      | Found a shadowy altar of Dithmenos.
  6971 | Lair:1   | Entered Level 1 of the Lair of Beasts
  7108 | Lair:1   | Noticed a cane toad
  7114 | Lair:1   | Killed a cane toad
  7115 | Lair:1   | Reached XP level 10. HP: 66/72 MP: 10/10
  7158 | Lair:1   | Found an ornate altar of the Wu Jian Council.
  7171 | Lair:1   | Became a worshipper of the Wu Jian Council
  7179 | Lair:1   | Noticed Joseph
  7189 | Lair:1   | Killed Joseph
  7288 | Lair:1   | Noticed a cane toad
  7298 | Lair:1   | Reached skill level 9 in Unarmed Combat
  7301 | Lair:1   | Killed a cane toad
  7326 | Lair:1   | Noticed a cane toad
  7342 | Lair:1   | Slain by a basilisk

Illustrated notes

Levels and vault maps discovered:
D:1:      heliophobic_arrival_battle_scene, layout_basic, hex_tiny
D:2:      layout_basic, serial_corexii_hall, chequers_hall_statues_corner_a,
          corexii_hall_statues_x, minmay_large_rounded_square
D:3:      layout_loops_ring, mainiacjoe_overflow_boulevard,
          nicolae_overflow_crystal_walls
D:4:      layout_loops_ring, minmay_temple_entry_large_hall, uniq_pikel,
          uniq_natasha
D:5:      layout_basic, mainiacjoe_overflow_catwalk, nicolae_ru_awakened_eye,
          uniq_menkaure
D:6:      layout_cave_pools, nicolae_overflow_hidden_temple, xom_teletrap_fun,
          serial_co_window_serial, co_window_corner_a, co_window_paths_a,
          co_window_paths_a, co_window_corner_a, co_window_paths_a,
          co_window_corner_a, co_window_corner_a, co_window_corner_cb,
          co_window_broadway_c, co_window_paths_c, co_window_corner_b,
          co_window_4corner_b, glass_columns_b, glass_columns_a,
          hangedman_abyss_or_decor_stagger, uniq_duvessa
D:7:      layout_loops_ring, trog_three_pillars_becter, minmay_fire_ice_demons
D:8:      layout_basic, nicolae_hepliaklqana_monster_ancestors,
          nicolae_dithmenos_shadow_blocks
Temple:   nicolae_temple_two_arcs
Lair:1:   layout_chaotic_city, basic_altar, uniq_joseph

Skill      XL: |  1  2  3  4  5  6  7  8  9 10 |
---------------+-------------------------------+-----
Fighting       | 2 3 4 5 6 8 |  8.8
Unarmed Combat | 4 5 6 7 8 9 |  9.1
Shapeshifting  | 4 5 6 7 8 |  8.4
Dodging        | |  2.0

Action                     |  1- 3 |  4- 6 |  7- 9 | 10-12 || total
---------------------------+-------+-------+-------+-------++-------
  Melee: Unarmed           |    78 |    89 |   168 |    26 ||   361
         Constrict         |    17 |    23 |    45 |     5 ||    90
         Tentacles         |    14 |    24 |    38 |       ||    76
         Punch             |     2 |     1 |     5 |       ||     8
  Evoke: Wand              |       |       |       |     1 ||     1
    Use: Scroll            |       |       |    11 |     2 ||    13
         Potion            |       |       |       |     1 ||     1
   Stab: Sleeping          |     7 |     7 |     4 |       ||    18
 Armour: Skin              |    28 |    30 |    60 |    19 ||   137
  Dodge: Dodged            |    40 |    48 |   117 |    12 ||   217
   Form: Serpent           |       |       |     2 |       ||     2
         Beast             |       |       |     1 |       ||     1

Table legend: (Time is in decaauts)
 A = Elapsed time spent in this place.
 B = Non-inter-level travel time spent in this place.
 C = Inter-level travel time spent in this place.
 D = Time resting spent in this place.
 E = Time spent auto-exploring this place.
 F = Levels seen in this place.
 G = Mean time per level.
                   A        B        C        D        E       F      G
               +--------+--------+--------+--------+--------+-----+--------+
         Total |   7304 |   6955 |    349 |    229 |   5554 |  10 |  730.4 |
       Dungeon |   6938 |   6589 |    349 |    229 |   5305 |   8 |  867.2 |
        Temple |      1 |      1 |      0 |      0 |      0 |   1 |    1.0 |
          Lair |    364 |    364 |      0 |      0 |    249 |   1 |  364.0 |
               +--------+--------+--------+--------+--------+-----+--------+

Top non-repeatable levels by time:
     D:6: 1130 daAuts
     D:1: 980 daAuts
     D:3: 969 daAuts
     D:8: 886 daAuts
     D:5: 788 daAuts
     D:2: 779 daAuts
     D:7: 732 daAuts
     D:4: 671 daAuts
  Lair:1: 364 daAuts
  Temple: 1 daAuts
